cohdb
Replays
Latest Replays
All Replays
Popular Replays
Top Player Replays
Match Explorer
How It Works
Community
CoH3 Stats
Reddit
Sign in to upload your games and track your stats! →
Sign in with Steam
Winderlein_ defeated_13_Tanks_Destroid
Match 19094569
Overview
Messages
Build Orders
End
Construct Infanterie Kompanie
Selects Luftwaffe Battlegroup
Selects Luftwaffe Pioneer Support
Fallschirmpioneer Squad Paradrop
MG 42 Machine Gun Team
Fallschirmpioneer Squad Paradrop
MG 42 Machine Gun Team
Selects Stuka Strafing Run
Stuka Strafing Run
Construct Luftwaffe Kompanie
AI Takeover
Coonius
AirborneDivision
本丶杰明
独立团三营长倪大彪
SleeperService
Ori
盟军真难
Seiun Sky
0
0
Comments
sign in to comment!
No comments posted yet!